PL
CHICAGO GOLD SOX @ BOSTON PATRIOTS
08/29/2029
 
TOP OF THE 1ST
Chicago Gold Sox batting - Pitching for Boston Patriots : RHP Cameron Frye
Pitching: RHP Cameron Frye
Batting: LHB Stanley Belote 0-0: Called Strike
0-1: Swinging Strike
0-2: Ball
1-2: Ball
2-2: Foul Ball, location: 2F
2-2: Ground out 3-1 (Groundball, 34S)
Batting: RHB Hirohisa Ogasawara 0-0: Called Strike
0-1: Foul Ball, location: 2F
0-2: Strikes out swinging
Batting: LHB Melvin Castro 0-0: Foul Ball, location: 2F
0-1: Fly out, F3 (Line Drive, 34)
Top of the 1st over - 0 runs, 0 hits, 0 errors, 0 left on base; Chicago 0 - Boston 0
BOTTOM OF THE 1ST
Boston Patriots batting - Pitching for Chicago Gold Sox : RHP Raúl Areola
Pitching: RHP Raúl Areola
Batting: RHB Tommy Jones 0-0: SINGLE (Line Drive, 6MD)
Batting: LHB Bill Chambers 0-0: Called Strike
Tommy Jones steals 2nd base
0-1: Swinging Strike
0-2: Foul Ball, location: 2F
0-2: Ball
1-2: Ground out 3-1 (Groundball, 34)
Tommy Jones to third
Batting: RHB Alfredo García 0-0: Ball
1-0: Ball
2-0: Ground out 5-3 (Groundball, 5L)
Batting: LHB Timmy Appeldoorn 0-0: Swinging Strike
0-1: Ground out 1-3 (Groundball, 15S)
Bottom of the 1st over - 0 runs, 1 hit, 0 errors, 1 left on base; Chicago 0 - Boston 0
TOP OF THE 2ND
Chicago Gold Sox batting - Pitching for Boston Patriots : RHP Cameron Frye
Batting: SHB Lupo Cotto 0-0: Swinging Strike
0-1: Foul Ball, location: 2F
0-2: Strikes out swinging
Batting: RHB Manuel Guillama 0-0: Called Strike
0-1: Ball
1-1: Ball
2-1: Swinging Strike
2-2: Fly out, F8 (Flyball, 8LXD)
Batting: LHB Arthur Ryan 0-0: Ball
1-0: Ground out 6-3 (Groundball, 6)
Top of the 2nd over - 0 runs, 0 hits, 0 errors, 0 left on base; Chicago 0 - Boston 0
BOTTOM OF THE 2ND
Boston Patriots batting - Pitching for Chicago Gold Sox : RHP Raúl Areola
Batting: RHB Tamasaburo Kato 0-0: Foul Ball, location: 2F
0-1: Ball
1-1: SINGLE (Line Drive, 78M)
Batting: RHB Terry Armstrong 0-0: Ball
1-0: Ball
2-0: Ball
3-0: Called Strike
3-1: Foul Ball, location: 2F
3-2: Fly out, F7 (Flyball, 7S)
Batting: RHB Miguel Márquez 0-0: Ball
1-0: Foul Ball, location: 2F
1-1: Fly out, F9 (Line Drive, 89D)
Batting: RHB Sotaro Sakata 0-0: DOUBLE (Flyball, 8RXD)
Tamasaburo Kato to third
Runner from 3rd tries for Home, SAFE, no throw
Batting: RHB Eddie O'Bryan 0-0: Called Strike
0-1: SINGLE (Groundball, 6MD)
Sotaro Sakata to third
Runner from 3rd tries for Home, SAFE, no throw
Batting: RHB Tommy Jones 0-0: Called Strike
0-1: Ball
1-1: Foul Ball, location: 2F
1-2: Fly out, F5 (Line Drive, 5)
Bottom of the 2nd over - 2 runs, 3 hits, 0 errors, 1 left on base; Chicago 0 - Boston 2
TOP OF THE 3RD
Chicago Gold Sox batting - Pitching for Boston Patriots : RHP Cameron Frye
Batting: RHB Zeus Preckwinkle 0-0: Called Strike
0-1: Ball
1-1: Foul Ball, location: 2F
1-2: Strikes out swinging
Batting: RHB Ben Kennerly 0-0: Called Strike
0-1: Ball
1-1: Ball
2-1: Foul Ball, location: 2F
2-2: Ball
3-2: Base on Balls
Batting: RHB Matt Love 0-0: Ball
1-0: SINGLE (Flyball, 8RS)
Ben Kennerly to second
Batting: LHB Stanley Belote 0-0: Ball
1-0: Called Strike
Ben Kennerly steals 3rd base
1-1: Fly out, F7 (Flyball, 78M)
Runner from 3rd tags up, SCORES, throw made
Batting: RHB Hirohisa Ogasawara 0-0: Called Strike
0-1: Ball
1-1: Swinging Strike
1-2: Ball
Matt Love steals 2nd base
2-2: Strikes out looking
Top of the 3rd over - 1 run, 1 hit, 0 errors, 1 left on base; Chicago 1 - Boston 2
BOTTOM OF THE 3RD
Boston Patriots batting - Pitching for Chicago Gold Sox : RHP Raúl Areola
Batting: LHB Bill Chambers 0-0: Ball
1-0: Ball
2-0: Called Strike
2-1: Ground out 5-3 (Groundball, 56)
Batting: RHB Alfredo García 0-0: Called Strike
0-1: Ball
1-1: Foul Ball, location: 2F
1-2: Ground out 4-3 (Groundball, 4S)
Batting: LHB Timmy Appeldoorn 0-0: Fly out, F9 (Flyball, 9)
Bottom of the 3rd over - 0 runs, 0 hits, 0 errors, 0 left on base; Chicago 1 - Boston 2
TOP OF THE 4TH
Chicago Gold Sox batting - Pitching for Boston Patriots : RHP Cameron Frye
Batting: LHB Melvin Castro 0-0: Foul Ball, location: 2F
0-1: Ball
1-1: Ball
2-1: Foul Ball, location: 2F
2-2: Ball
3-2: Foul Ball, location: 2F
3-2: Base on Balls
Batting: SHB Lupo Cotto 0-0: Called Strike
0-1: Ball
1-1: Called Strike
1-2: Ball
2-2: Ball
3-2: Strikes out looking
Melvin Castro steals 2nd base
Batter strikes out.
Batting: RHB Manuel Guillama 0-0: Called Strike
0-1: Ball
1-1: Called Strike
1-2: Ball
2-2: Ball
3-2: Foul Ball, location: 2F
3-2: SINGLE (Line Drive, 8LS)
Melvin Castro to third
Batting: LHB Arthur Ryan 0-0: Ball
1-0: Ball
2-0: Called Strike
2-1: DOUBLE (Flyball, 78D)
Melvin Castro scores
Manuel Guillama to third
Runner from 3rd tries for Home, SAFE, no throw
Batting: RHB Zeus Preckwinkle 0-0: Called Strike
0-1: Foul Ball, location: 2F
0-2: Foul Ball, location: 2F
0-2: Strikes out looking
Batting: RHB Ben Kennerly 0-0: Swinging Strike
0-1: Swinging Strike
0-2: Strikes out swinging
Top of the 4th over - 2 runs, 2 hits, 0 errors, 1 left on base; Chicago 3 - Boston 2
BOTTOM OF THE 4TH
Boston Patriots batting - Pitching for Chicago Gold Sox : RHP Raúl Areola
Batting: RHB Tamasaburo Kato 0-0: Ball
1-0: Ball
2-0: Ball
3-0: Base on Balls
Batting: RHB Terry Armstrong 0-0: Called Strike
0-1: Grounds into double play, 6-4-3 (Groundball, 56)
Batting: RHB Miguel Márquez 0-0: Ball
1-0: Foul Ball, location: 2F
1-1: Fly out, F6 (Line Drive, 6)
Bottom of the 4th over - 0 runs, 0 hits, 0 errors, 0 left on base; Chicago 3 - Boston 2
TOP OF THE 5TH
Chicago Gold Sox batting - Pitching for Boston Patriots : RHP Cameron Frye
Batting: RHB Matt Love 0-0: Ball
1-0: Ball
2-0: Ball
3-0: Called Strike
3-1: SOLO HOME RUN (Flyball, 78XD), Distance : 416 ft
Batting: LHB Stanley Belote 0-0: Ball
1-0: Ball
2-0: Ball
3-0: Called Strike
3-1: Base on Balls
Batting: RHB Hirohisa Ogasawara 0-0: Ball
1-0: Fielders Choice at 2nd, 6-4 (Groundball, 56)
Batting: LHB Melvin Castro 0-0: Foul Ball, location: 2F
0-1: Swinging Strike
0-2: Ball
1-2: Strikes out swinging
Batting: SHB Lupo Cotto 0-0: Foul Ball, location: 2F
0-1: Ball
1-1: Ball
2-1: Foul Ball, location: 2F
2-2: Ball
3-2: Base on Balls
Hirohisa Ogasawara to second
Batting: RHB Manuel Guillama 0-0: Ball
1-0: Fly out, F6 (Popup, 6D)
Top of the 5th over - 1 run, 1 hit, 0 errors, 2 left on base; Chicago 4 - Boston 2
BOTTOM OF THE 5TH
Boston Patriots batting - Pitching for Chicago Gold Sox : RHP Raúl Areola
Batting: RHB Sotaro Sakata 0-0: Fly out, F7 (Flyball, 7S)
Batting: RHB Eddie O'Bryan 0-0: Ground out 5-3 (Groundball, 5)
Batting: RHB Tommy Jones 0-0: Called Strike
0-1: Ball
1-1: Ground out 4-3 (Groundball, 4M)
Bottom of the 5th over - 0 runs, 0 hits, 0 errors, 0 left on base; Chicago 4 - Boston 2
TOP OF THE 6TH
Chicago Gold Sox batting - Pitching for Boston Patriots : RHP Cameron Frye
Batting: LHB Arthur Ryan 0-0: Ball
1-0: Foul Ball, location: 2F
1-1: Swinging Strike
1-2: Ball
2-2: Ball
3-2: Base on Balls
Batting: RHB Zeus Preckwinkle 0-0: Ball
1-0: Ball
2-0: SINGLE (Groundball, 34D)
Arthur Ryan to second
Runner from 2nd tries for 3rd, SAFE, no throw
Pitching: RHP John Kaufman
Batting: RHB Ben Kennerly 0-0: Ball
1-0: Swinging Strike
1-1: Foul Ball, location: 2F
1-2: Foul Ball, location: 2F
1-2: Foul Ball, location: 2F
1-2: Foul Ball, location: 2F
1-2: Fielders Choice at 2nd, 1-6 (Groundball, 13)
Batting: RHB Matt Love 0-0: Ball
1-0: Called Strike
1-1: Ball
Ben Kennerly is caught stealing 2nd base
2-1: Ball
3-1: Foul Ball, location: 2F
3-2: Strikes out looking
Top of the 6th over - 0 runs, 1 hit, 0 errors, 1 left on base; Chicago 4 - Boston 2
BOTTOM OF THE 6TH
Boston Patriots batting - Pitching for Chicago Gold Sox : RHP Raúl Areola
Batting: LHB Bill Chambers 0-0: Ball
1-0: Foul Ball, location: 2F
1-1: Swinging Strike
1-2: Fly out, F9 (Flyball, 89M)
Batting: RHB Alfredo García 0-0: Called Strike
0-1: Called Strike
0-2: Foul Ball, location: 2F
0-2: SINGLE (Line Drive, 5)
Batting: LHB Timmy Appeldoorn 0-0: Ball
1-0: DOUBLE (Line Drive, 89XD)
Alfredo García to third
Runner from 3rd tries for Home, SAFE, no throw
Batting: RHB Tamasaburo Kato 0-0: Ball
1-0: Called Strike
1-1: Foul Ball, location: 2F
1-2: Strikes out swinging
Batting: RHB Terry Armstrong 0-0: Ball
1-0: Ball
2-0: Swinging Strike
2-1: Foul Ball, location: 2F
2-2: Ball
3-2: Foul Ball, location: 2F
3-2: Foul Ball, location: 2F
3-2: Foul Ball, location: 2F
3-2: DOUBLE (Flyball, 78XD)
Timmy Appeldoorn scores
Batting: RHB Miguel Márquez 0-0: Swinging Strike
0-1: Ball
1-1: Swinging Strike
1-2: Strikes out looking
Bottom of the 6th over - 2 runs, 3 hits, 0 errors, 1 left on base; Chicago 4 - Boston 4
TOP OF THE 7TH
Chicago Gold Sox batting - Pitching for Boston Patriots : RHP John Kaufman
Pitching: RHP Jorge Aguirre
Batting: LHB Stanley Belote 0-0: Foul Ball, location: 2F
0-1: Ball
1-1: Foul Ball, location: 2F
1-2: Fly out, F7 (Flyball, 78M)
Batting: RHB Hirohisa Ogasawara 0-0: Called Strike
0-1: Ball
1-1: Fly out, F8 (Flyball, 8LXD)
Batting: LHB Melvin Castro 0-0: Called Strike
0-1: Fly out, F5 (Popup, 6S)
Top of the 7th over - 0 runs, 0 hits, 0 errors, 0 left on base; Chicago 4 - Boston 4
BOTTOM OF THE 7TH
Boston Patriots batting - Pitching for Chicago Gold Sox : RHP Raúl Areola
Batting: RHB Sotaro Sakata 0-0: Fly out, F6 (Line Drive, 6M)
Batting: RHB Eddie O'Bryan 0-0: SINGLE (Line Drive, 78S)
Batting: RHB Tommy Jones 0-0: Ball
1-0: Ball
2-0: Swinging Strike
2-1: SINGLE (Line Drive, 8LS)
Eddie O'Bryan to second
Pitching: RHP Shuntavyious Primes-Willes
Batting: LHB Bill Chambers 0-0: Foul Ball, location: 2F
0-1: Ball
1-1: Fly out, F7 (Flyball, 7)
Batting: RHB Alfredo García 0-0: Ball
1-0: Ball
2-0: Fly out, F8 (Flyball, 8LM)
Bottom of the 7th over - 0 runs, 2 hits, 0 errors, 2 left on base; Chicago 4 - Boston 4
TOP OF THE 8TH
Chicago Gold Sox batting - Pitching for Boston Patriots : RHP Jorge Aguirre
Batting: SHB Lupo Cotto 0-0: Fly out, F7 (Flyball, 78S)
Batting: RHB Manuel Guillama 0-0: Foul Ball, location: 2F
0-1: Ball
1-1: Foul Ball, location: 2F
1-2: Strikes out looking
Batting: LHB Arthur Ryan 0-0: Called Strike
0-1: Called Strike
0-2: Strikes out swinging
Top of the 8th over - 0 runs, 0 hits, 0 errors, 0 left on base; Chicago 4 - Boston 4
BOTTOM OF THE 8TH
Boston Patriots batting - Pitching for Chicago Gold Sox : RHP Shuntavyious Primes-Willes
Pitching: RHP Bruce Wright
Batting: LHB Timmy Appeldoorn 0-0: Foul Ball, location: 2F
0-1: Called Strike
0-2: Ball
1-2: Foul Ball, location: 2F
1-2: Ball
2-2: Ball
3-2: Foul Ball, location: 2F
3-2: DOUBLE (Line Drive, 9LM)
Batting: RHB Tamasaburo Kato 0-0: Ball
1-0: Ball
2-0: Ball
3-0: Called Strike
3-1: Base on Balls
Batting: RHB Terry Armstrong 0-0: Ball
1-0: Called Strike
1-1: Called Strike
1-2: Ground out 5-3 (Groundball, 56S)
Timmy Appeldoorn to third
Tamasaburo Kato to second
Batting: RHB Miguel Márquez 0-0: Ball
1-0: Ball
2-0: Foul Ball, location: 2F
2-1: Foul Ball, location: 2F
2-2: Ground out 5-3 (Groundball, 56D)
Batting: RHB Sotaro Sakata 0-0: Ball
1-0: Called Strike
1-1: Foul Ball, location: 2F
1-2: Foul Ball, location: 2F
1-2: Strikes out swinging
Bottom of the 8th over - 0 runs, 1 hit, 0 errors, 2 left on base; Chicago 4 - Boston 4
TOP OF THE 9TH
Chicago Gold Sox batting - Pitching for Boston Patriots : RHP Jorge Aguirre
Batting: RHB Zeus Preckwinkle 0-0: Called Strike
0-1: SINGLE (Line Drive, 8LS)
Pinch Hitting: LHB Sergio Rodríguez 0-0: Called Strike
0-1: Ball
1-1: Ball
2-1: Foul Ball, location: 2F
2-2: Foul Ball, location: 2F
2-2: SINGLE (Groundball, 34) (infield hit)
Zeus Preckwinkle to second
Pinch Hitting: LHB Eddie Flynn 0-0: Called Strike
0-1: Foul Ball, location: 2F
0-2: Foul Ball, location: 2F
0-2: Ball
1-2: Strikes out swinging
Batting: LHB Stanley Belote 0-0: Ball
1-0: Called Strike
1-1: Ball
2-1: Foul Ball, location: 2F
2-2: Strikes out swinging
Batting: RHB Hirohisa Ogasawara 0-0: Ball
1-0: Ball
2-0: Ball
3-0: Base on Balls
Zeus Preckwinkle to third
Sergio Rodríguez to second
Batting: LHB Melvin Castro 0-0: Ball
1-0: Foul Ball, location: 2F
1-1: Foul Ball, location: 2F
1-2: Ball
2-2: SINGLE (Flyball, 9S)
Zeus Preckwinkle scores
Sergio Rodríguez to third
Hirohisa Ogasawara to second
Runner from 3rd tries for Home, SAFE, no throw
Batting: SHB Lupo Cotto 0-0: Called Strike
0-1: Foul Ball, location: 2F
0-2: Ball
1-2: Ball
2-2: Foul Ball, location: 2F
2-2: Foul Ball, location: 2F
2-2: Ball
3-2: SINGLE (Line Drive, 34D)
Hirohisa Ogasawara to third
Melvin Castro to second
Hirohisa Ogasawara scores
Melvin Castro to third
Batting: RHB Manuel Guillama 0-0: Ball
1-0: Ball
2-0: Fielders Choice at 2nd, 6-4 (Groundball, 6)
Top of the 9th over - 3 runs, 4 hits, 0 errors, 2 left on base; Chicago 7 - Boston 4
BOTTOM OF THE 9TH
Boston Patriots batting - Pitching for Chicago Gold Sox : RHP Bruce Wright
Now at 2B: Sergio Rodríguez
Now at SS: Naohiro Sakai
Batting: RHB Eddie O'Bryan 0-0: Ball
1-0: Swinging Strike
1-1: Swinging Strike
1-2: Strikes out swinging
Batting: RHB Tommy Jones 0-0: Ball
1-0: Swinging Strike
1-1: SINGLE (Line Drive, 56D)
Batting: LHB Bill Chambers 0-0: Foul Ball, location: 2F
0-1: Ball
1-1: Ball
2-1: Foul Ball, location: 2F
2-2: Ball
3-2: Strikes out looking
Tommy Jones steals 2nd base
Batter strikes out.
Batting: RHB Alfredo García 0-0: Called Strike
0-1: Called Strike
0-2: Ball
1-2: Fly out, F3 (Popup, 23F)
Bottom of the 9th over - 0 runs, 1 hit, 0 errors, 1 left on base; Chicago 7 - Boston 4
Tuesday, December 19th, 2017 - OOTP Baseball 18.8 Build 76